 Dungeon Crawl Stone Soup version 0.24.0-123-gd5b16e6ec5 (webtiles) character file.

Game seed: 8930003439244366522, levelgen mode: deterministic

50507 McKennaii the Thaumaturge (level 14, -5/114 HPs)
             Began as a Red Draconian Conjurer on Feb 1, 2020.
             Was a High Priest of Vehumet.
             Slain by an entropy weaver
             ... wielding a +0 vampiric trident
              (13 damage)
             ... on level 6 of the Lair of Beasts.
             The game lasted 01:10:06 (30267 turns).

McKennaii the Thaumaturge (Red Draconian Conjurer) Turns: 30267, Time: 01:10:07

Health: -5/114     AC:  9    Str: 10    XL:     14   Next: 20%
Magic:  0/30       EV: 16    Int: 21    God:    Vehumet [*****.]
Gold:   532        SH: 11    Dex: 12    Spells: 10/37 levels left

rFire    + . .     SeeInvis .   I - +0 scimitar (flame)
rCold    . . .     Gourm    .   m - +2 shield
rNeg     . . .     Faith    .   (armour unavailable)
rPois    .         Spirit   .   (helmet restricted)
rElec    .         Reflect  .   x - +0 cloak
rCorr    +         Harm     .   v - +0 pair of gloves
MR       ++...                  M - +2 pair of boots {run}
Stlth    ++++......             (no amulet)
HPRegen  0.29/turn              w - ring of Riozoar {MR+ Stlth+}
MPRegen  0.22/turn              U - ring of resist corrosion

@: about to teleport, short of breath, corroded, quick
A: breathe fire, unfitting armour, fire resistance 1, cold-blooded, AC +8
a: Breathe Fire, Renounce Religion


You were on level 6 of the Lair of Beasts.
You worshipped Vehumet.
Vehumet was extremely pleased with you.
You were very hungry.

You visited 3 branches of the dungeon, and saw 19 of its levels.

You collected 841 gold pieces.
You spent 309 gold pieces at shops.

Inventory:

Hand Weapons
 I - a +0 scimitar of flaming (weapon)
Armour
 m - a +2 shield (worn)
 v - a +0 pair of gloves (worn)
 x - a +0 cloak (worn)
 E - a +2 buckler
 M - a +2 pair of boots of running (worn)
Magical Staves
 r - an uncursed staff of air
 Z - an uncursed staff of wizardry
Jewellery
 u - an uncursed ring of fire
 w - the ring of Riozoar (left hand) {MR+ Stlth+}
   (You found it on level 4 of the Dungeon)

   [ring of protection from magic]

   It affects your resistance to hostile enchantments.
   It makes you more stealthy.
 C - an uncursed ring of see invisible
 U - a ring of resist corrosion (right hand)
 W - an uncursed ring of protection from magic
 X - an uncursed ring of fire
Wands
 y - a wand of random effects (13)
 D - a wand of flame (9)
 J - a wand of digging (11)
 L - a wand of paralysis (15)
 S - a wand of iceblast (15)
 T - a wand of clouds (6)
 V - a wand of polymorph (14)
Scrolls
 a - 5 scrolls of teleportation
 c - 5 scrolls of remove curse
 d - 5 scrolls of enchant armour
 f - 4 scrolls of identify
 g - a scroll of blinking
 p - 2 scrolls of enchant weapon
 q - 7 scrolls of amnesia
 z - 2 scrolls of magic mapping
 B - 6 scrolls of fog
 H - 3 scrolls of fear {unknown}
 K - a scroll of vulnerability {unknown}
 N - 2 scrolls of brand weapon {unknown}
 O - 4 scrolls of immolation {unknown}
 P - 2 scrolls of acquirement {unknown}
 R - a scroll of summoning
 Y - a scroll of torment {unknown}
Potions
 e - a potion of invisibility
 h - 8 potions of curing
 i - 4 potions of agility
 j - 7 potions of brilliance
 k - 3 potions of flight
 l - 3 potions of heal wounds
 n - 2 potions of mutation
 o - a potion of berserk rage
 s - 8 potions of lignification
 t - 2 potions of might {unknown}
 A - 4 potions of haste
 F - 2 potions of ambrosia {unknown}
 G - 3 potions of magic {unknown}
 Q - 3 potions of cancellation {unknown}
Comestibles
 b - 21 rations


   Skills:
 + Level 7.8 Fighting
 + Level 10.3 Dodging
 - Level 5.2 Stealth
 * Level 6.1 Shields
 + Level 12.2 Spellcasting
 + Level 11.7 Conjurations
 * Level 11.7 Fire Magic
 + Level 2.0 Poison Magic
 + Level 0.7 Evocations


You had 10 spell levels left.
You knew the following spells:

 Your Spells              Type           Power        Failure   Level  Hunger
a - Magic Dart            Conj           ####         1%          1    None
b - Olgreb's Toxic Radia  Pois           ###.....     17%         4    None
c - Iskenderun's Mystic   Conj           ######..     1%          4    None
d - Fireball              Conj/Fire      ######....   1%          5    ####...
e - Orb of Destruction    Conj           ######....   28%         7    #######
f - Iron Shot             Conj/Erth      #####.....   45%         6    #####..

Your spell library contained the following spells:

 Spells                   Type           Power        Failure   Level  Hunger
 Freezing Cloud           Conj/Ice/Air   ####......   73%         6    #####..
 Flame Tongue             Conj/Fire      #####        1%          1    None
 Sting                    Conj/Pois      ####         1%          1    None
 Searing Ray              Conj           ######       1%          2    None
 Throw Flame              Conj/Fire      ######       1%          2    None
 Conjure Flame            Conj/Fire      ######..     1%          3    None
 Dazzling Spray           Conj/Hex       #####.       1%          3    None
 Inner Flame              Hex/Fire       #####...     1%          3    None
 Sticky Flame             Conj/Fire      ######..     1%          4    None
 Mephitic Cloud           Conj/Pois/Air  ####....     2%          3    None
 Force Lance              Conj/Tloc      #####...     4%          4    None
 Fulminant Prism          Conj/Hex       #####.....   4%          4    None
 Venom Bolt               Conj/Pois      #####.....   7%          5    ####...
 Animate Skeleton         Necr           N/A          16%         1    None
 Apportation              Tloc           ##....       16%         1    None
 Confusing Touch          Hex            ##....       16%         1    None
 Infusion                 Chrm           ##..         16%         1    None
 Pain                     Necr           ##..         16%         1    None
 Summon Small Mammal      Summ           ##..         16%         1    None
 Poisonous Vapours        Pois/Air       ###...       16%         2    None
 Shroud of Golubria       Chrm/Tloc      ##....       24%         2    None
 Song of Slaying          Chrm           ##......     24%         2    None
 Confuse                  Hex            ##......     43%         3    None
 Gell's Gravitas          Tloc           ##........   43%         3    None
 Regeneration             Chrm/Necr      ##........   43%         3    None
 Spectral Weapon          Hex/Chrm       ##......     43%         3    None
 Vampiric Draining        Necr           ##........   43%         3    None
 Yara's Violent Unravell  Hex/Tmut       ##........   71%         5    ####...
 Animate Dead             Necr           N/A          85%         4    None
 Petrify                  Tmut/Erth      ##......     85%         4    None
 Metabolic Englaciation   Hex/Ice        ##........   99%         5    ####...


Dungeon Overview and Level Annotations

Branches:
Dungeon (12/15)            Temple (1/1) D:4            Lair (6/6) D:8
  Swamp (0/4) Lair:3       Spider (0/4) Lair:3        Slime (0/5) Lair:6
    Orc: D:9-12

Altars:
Ashenzari
Cheibriados
Dithmenos
Elyvilon
Fedhas
Gozag
Hepliaklqana
Kikubaaqudgha
Makhleb
Nemelex Xobeh
Okawaru
Qazlal
Ru
Sif Muna
Trog
Uskayaw
Vehumet
Wu Jian
Xom
Yredelemnul
Zin
The Shining One

Shops:
D:10 (*[

Annotations:
D:12 Rupert


Innate Abilities, Weirdness & Mutations

You can breathe blasts of fire.
Your fiery red scales are hard. (AC +8)
You cannot fit into any form of body armour.
Your flesh is heat resistant. (rF+)
You are cold-blooded and may be slowed by cold attacks.


Message History

Unknown command.
Casting: Iskenderun's Mystic Blast (safe; 1% risk of failure)
Confirm with . or Enter, or press ? or * to list all spells.
Aiming: Iskenderun's Mystic Blast (safe; 1% risk of failure)
Press: ? - help, Shift-Dir - straight line, f/p - entropy weaver
Aim: an entropy weaver, wielding a +0 vampiric trident (heavily wounded)
The orb of energy hits the entropy weaver but does no damage.
The entropy weaver is heavily wounded.
The entropy weaver mumbles some strange words.
The entropic weave corrodes you!
Unknown command.
The soldier ant is engulfed in blazing flames.
The entropy weaver hits you from afar with a +0 vampiric trident!
* * * LOW HITPOINT WARNING * * *
The entropy weaver draws strength from your wounds!
The entropy weaver hits you from afar with a +0 vampiric trident!!
* * * LOW HITPOINT WARNING * * *
You block the entropy weaver's attack.
The entropy weaver hits you from afar with a +0 vampiric trident!
You die...

.##........#.............P.......
.###.....#.##............P.......
..#..............................
............)......P#......#.####
............Y.....P##.....#######
............○.....# ##...#÷##....
.............a....# ##..#)#....#
..............a.## #..##......
.............P..@# #..##......
........######.#.# #...##....†
....... ##### #..####..## .##....
#####..###.#### .#....a## ###
#........#.##.# ###...#S###.#
##....)........ # #...#a#Y.##
##..<.......... # #...P..a..#
#.....#P....... ##...PPa.##
##.............


You could see an entropy weaver, a soldier ant and a dream sheep.

Vanquished Creatures
  An entropy weaver (Lair:6)
  An ogre mage (D:12)
  4 hydras
  Fannar (Lair:2)
  Harold (D:8)
  5 two-headed ogres
  Erica (D:8)
  A queen ant (Lair:5)
  5 death yaks
  Pikel (D:5)
  An oklob plant (Lair:4)
  An ugly thing (D:12)
  8 elephants
  Maurice (D:8)
  4 black mambas
  4 spiny frogs
  4 komodo dragons
  A rime drake (Lair:4)
  A queen bee (Lair:3)
  A troll (D:9)
  A merfolk (D:11)
  3 slime creatures (D:11)
  4 polar bears (Lair:6)
  2 hornets (Lair:6)
  12 blink frogs
  6 dream sheep
  5 hippogriffs
  A shadow (D:11)
  5 spriggans (Lair:6)
  3 wyverns
  28 yaks
  Sigmund (D:7)
  Grum (D:10)
  A basilisk (Lair:2)
  Edmund (D:7)
  24 soldier ants
  11 water moccasins
  8 porcupines
  12 ice beasts
  2 slaves (D:4)
  2 sky beasts
  2 orc warriors
  7 ogres
  3 black bears
  A phantom (D:9)
  29 wolves
  2 boggarts (Lair:6)
  A necrophage (D:10)
  A centaur (D:5)
  The ghost of Xerdoz the Insei, an amateur OpTm (D:3)
  7 crocodiles
  Blork the orc (D:5)
  14 bullfrogs
  3 gnoll sergeants
  3 scorpions
  A water moccasin skeleton (D:9)
  42 killer bees
  12 wights
  4 electric eels (D:9)
  3 howler monkeys
  A centaur zombie (D:5)
  3 crimson imps
  A quasit (D:10)
  A bullfrog zombie (D:10)
  8 hounds
  4 jellies
  A centaur skeleton (D:5)
  4 orc priests
  Crazy Yiuf (D:7)
  5 gnoll shamans
  12 orc wizards
  4 bullfrog skeletons
  Ijyb (D:5)
  2 iguanas
  23 worker ants
  2 hound skeletons
  2 worker ant zombies
  A howler monkey zombie (D:5)
  24 gnolls
  17 adders
  2 river rats (D:5)
  3 shadow imps
  An ooze (D:4)
  An adder skeleton (D:5)
  An adder zombie (D:5)
  6 worms
  2 dart slugs
  6 leopard geckos
  47 orcs
  6 giant cockroaches
  9 goblins
  6 hobgoblins
  15 jackals
  9 kobolds
  5 quokkas
  2 ball pythons
  6 bats
  3 frilled lizards
  A quokka skeleton (D:5)
  11 rats
  4 fungi
  2 plants
582 creatures vanquished.

Vanquished Creatures (others)
  16 fungi
  12 plants
28 creatures vanquished.

Grand Total: 610 creatures vanquished

Notes
Turn   | Place    | Note
-------+----------+-------------------------------------------
     0 | D:1      | McKennaii the Draconian Conjurer began the quest for the
                  | Orb.
     0 | D:1      | Reached XP level 1. HP: 14/14 MP: 3/3
   281 | D:1      | Reached XP level 2. HP: 20/20 MP: 5/5
   747 | D:2      | Found a burning altar of Makhleb.
  1004 | D:2      | Reached XP level 3. HP: 24/26 MP: 2/6
  1070 | D:2      | Found a white marble altar of Elyvilon.
  1070 | D:2      | Found an opulent altar of Gozag.
  1469 | D:2      | Found a shadowy altar of Dithmenos.
  1762 | D:3      | Found a runed translucent door.
  1820 | D:3      | Noticed Xerdoz's ghost (amateur OpTm)
  2083 | D:3      | Reached XP level 4. HP: 26/33 MP: 7/7
  2976 | D:4      | Reached XP level 5. HP: 39/39 MP: 9/9
  3020 | D:4      | Reached skill level 3 in Spellcasting
  3076 | D:4      | Reached skill level 1 in Fighting
  3586 | D:4      | Got a clouded glass ring
  3689 | D:4      | Found a blossoming altar of Fedhas.
  3699 | D:4      | Reached XP level 6. HP: 43/47 MP: 6/11
  3729 | D:4      | Identified the ring of Riozoar {MR+ Stlth+} (You found it
                  | on level 4 of the Dungeon)
  3811 | D:4      | Found a faded altar of an unknown god.
  3813 | D:4      | Found a staircase to the Ecumenical Temple.
  4030 | Temple   | Entered the Ecumenical Temple
  4175 | Temple   | Became a worshipper of Vehumet
  4220 | D:5      | Entered Level 5 of the Dungeon
  4220 | D:5      | Noticed Blork the orc
  4269 | D:5      | Learned a level 4 spell: Iskenderun's Mystic Blast
  4366 | D:5      | Noticed a slave
  4366 | D:5      | Noticed a slave
  4368 | D:5      | Noticed Pikel
  4369 | D:5      | Noticed a slave
  4370 | D:5      | Noticed a slave
  4385 | D:4      | Killed a slave
  4532 | D:4      | Killed a slave
  4780 | D:5      | Reached skill level 5 in Conjurations
  4809 | D:5      | Reached skill level 4 in Spellcasting
  4875 | D:5      | Your scales start taking on a fiery red colour.
  4875 | D:5      | Reached XP level 7. HP: 15/53 MP: 5/13
  4875 | D:5      | Gained mutation: Your flesh is heat resistant. (rF+) [Red
                  | Draconian growth]
  4985 | D:5      | Noticed Ijyb
  5025 | D:5      | Killed Ijyb
  5176 | D:5      | Reached * piety under Vehumet
  5176 | D:5      | Offered knowledge of Sandblast by Vehumet.
  5225 | D:5      | Reached skill level 5 in Spellcasting
  5560 | D:5      | Killed Pikel
  5560 | D:5      | Reached skill level 6 in Spellcasting
  5560 | D:5      | Reached XP level 8. HP: 62/62 MP: 4/17
  5669 | D:5      | Killed Blork the orc
  6122 | D:5      | Found a shimmering blue altar of Sif Muna.
  6194 | D:3      | Killed Xerdoz's ghost
  6662 | D:6      | Reached skill level 5 in Dodging
  6662 | D:6      | Reached skill level 7 in Spellcasting
  6713 | D:6      | Reached XP level 9. HP: 51/68 MP: 3/19
  7099 | D:6      | Reached ** piety under Vehumet
  7099 | D:6      | Offered knowledge of Throw Frost by Vehumet.
  7594 | D:7      | Learned a level 5 spell: Fireball
  7602 | D:7      | Reached skill level 1 in Shields
  7669 | D:7      | Noticed Edmund
  7676 | D:7      | Killed Edmund
  7677 | D:7      | Noticed Sigmund
  7733 | D:6      | Reached skill level 1 in Fire Magic
  7977 | D:7      | Killed Sigmund
  8404 | D:7      | Found a runed translucent door.
  8405 | D:7      | Noticed Crazy Yiuf
  8966 | D:7      | Offered knowledge of Ignite Poison by Vehumet.
  9314 | D:7      | Reached *** piety under Vehumet
  9515 | D:7      | Killed Crazy Yiuf
  9605 | D:8      | Noticed Erica
  9609 | D:8      | Killed Erica
  9609 | D:8      | Reached XP level 10. HP: 78/78 MP: 11/21
  9703 | D:8      | Reached skill level 8 in Spellcasting
  9904 | D:8      | Noticed Maurice
  9936 | D:8      | Killed Maurice
 10040 | D:8      | Found a staircase to the Lair.
 10084 | D:8      | Offered knowledge of Olgreb's Toxic Radiance by Vehumet.
 10161 | D:8      | Learned a level 4 spell: Olgreb's Toxic Radiance
 10198 | D:8      | Noticed Harold
 10207 | D:8      | Killed Harold
 10207 | D:8      | Reached skill level 5 in Fire Magic
 10561 | D:9      | Reached skill level 5 in Stealth
 10828 | D:9      | Reached **** piety under Vehumet
 10996 | D:9      | Found an ancient bone altar of Kikubaaqudgha.
 11178 | D:9      | Offered knowledge of Lightning Bolt by Vehumet.
 11512 | D:9      | Reached skill level 1 in Poison Magic
 12363 | D:10     | Entered Level 10 of the Dungeon
 12569 | D:10     | Found Ubabb's Antique Armour Shop.
 12579 | D:10     | Bought a pair of glowing boots for 262 gold pieces
 12584 | D:10     | Identified a +2 pair of boots of running (You bought it in
                  | a shop on level 10 of the Dungeon)
 12642 | D:10     | Found Maehiwut's Assorted Antiques.
 12657 | D:10     | Reached skill level 9 in Spellcasting
 12770 | D:10     | Bought a lumpy amethyst potion for 22 gold pieces
 12770 | D:10     | Bought a scroll labeled RAGYMP RUAMM for 25 gold pieces
 12888 | D:10     | Reached XP level 11. HP: 85/85 MP: 10/24
 13232 | D:10     | Noticed Grum
 13243 | D:10     | Killed Grum
 13937 | D:10     | Found Bogyet's Weapon Shop.
 14102 | D:11     | Reached ***** piety under Vehumet
 14102 | D:11     | Offered knowledge of Orb of Destruction by Vehumet.
 14111 | D:11     | Learned a level 7 spell: Orb of Destruction
 15003 | D:11     | Noticed a two-headed ogre
 15007 | D:11     | Killed a two-headed ogre
 15007 | D:11     | Reached skill level 5 in Fighting
 15636 | D:12     | Noticed a four-headed hydra
 15646 | D:12     | Killed a four-headed hydra
 15774 | D:12     | Noticed an ogre mage
 15774 | D:12     | Noticed a two-headed ogre
 15774 | D:12     | Noticed a two-headed ogre
 15775 | D:12     | Noticed a two-headed ogre
 15776 | D:12     | Killed a two-headed ogre
 15778 | D:12     | Killed an ogre mage
 15778 | D:12     | Killed a two-headed ogre
 15778 | D:12     | Noticed a two-headed ogre
 15788 | D:12     | Killed a two-headed ogre
 15796 | D:12     | Killed a two-headed ogre
 15796 | D:12     | Reached skill level 10 in Spellcasting
 15999 | D:12     | Noticed a white ugly thing
 16003 | D:12     | Killed a white ugly thing
 16003 | D:12     | Reached XP level 12. HP: 54/95 MP: 16/26
 16280 | D:12     | Noticed a four-headed hydra
 16285 | D:12     | Killed a four-headed hydra
 16617 | D:12     | Noticed Rupert
 16624 | D:12     | Paralysed by Rupert for 2 turns
 16836 | Lair:1   | Entered Level 1 of the Lair of Beasts
 17522 | Lair:1   | Noticed a four-headed hydra
 17527 | Lair:1   | Killed a four-headed hydra
 17679 | Lair:1   | Reached skill level 10 in Conjurations
 19408 | Lair:2   | Noticed Fannar
 19413 | Lair:2   | Killed Fannar
 19413 | Lair:2   | Reached skill level 11 in Spellcasting
 19959 | Lair:3   | Found a hole to the Spider Nest.
 20401 | Lair:3   | Found a staircase to the Swamp.
 20439 | Lair:3   | Offered knowledge of Iron Shot by Vehumet.
 20447 | Lair:3   | Learned a level 6 spell: Iron Shot
 20773 | Lair:3   | Reached skill level 10 in Fire Magic
 20783 | Lair:3   | Reached XP level 13. HP: 70/104 MP: 3/28
 25435 | Lair:6   | Entered Level 6 of the Lair of Beasts
 25667 | Lair:6   | Noticed an entropy weaver
 25897 | Lair:5   | Offered knowledge of Freezing Cloud by Vehumet.
 26156 | Lair:6   | Reached skill level 12 in Spellcasting
 26174 | Lair:6   | Reached skill level 10 in Dodging
 27024 | Lair:5   | Reached skill level 5 in Shields
 27246 | Lair:6   | Noticed an entropy weaver
 27778 | Lair:5   | HP: 5/105 [poisoned by a queen ant]
 27784 | Lair:5   | HP: 3/105 [poisoned by a queen ant]
 27789 | Lair:5   | HP: 2/105 [poisoned by a queen ant]
 27796 | Lair:5   | HP: 2/105 [poisoned by a queen ant]
 27804 | Lair:5   | HP: 2/105 [poisoned by a queen ant]
 28613 | Lair:6   | Reached XP level 14. HP: 43/113 MP: 3/30
 29067 | Lair:6   | Killed an entropy weaver
 29784 | Lair:6   | Found a staircase to the Slime Pits.
 30184 | Lair:6   | Paralysed by a hornet for 2 turns
 30267 | Lair:6   | Slain by an entropy weaver

Levels and vault maps discovered:
D:1:      minmay_arrival_glassed_features, layout_loops_ring,
          serial_bayou_lake_a
D:2:      layout_rooms, lemuel_coloured_pillars_altar,
          chequers_temple_overflow_statue_of_worship
D:3:      layout_basic, ebering_ghost_reflecting_pool, minmay_statues_item,
          chequers_jeans
D:4:      layout_loops_ring, nicolae_temple_entry_ecumenical, first_ration,
          fedhas_altar_2
D:5:      layout_rooms, lemuel_doored_altar, lightli_sewer_entry_pipes,
          uniq_ijyb, uniq_pikel, uniq_blork_the_orc
D:6:      layout_basic
D:7:      layout_cave_pools, serial_gnoll_camp, gnoll_camp_mini_hut,
          gnoll_camp_mini_house, gnoll_camp_mini_basic,
          gnoll_camp_mini_loothouse, gnoll_camp_huts_basic,
          sigmund_edmund_badplayer, uniq_crazy_yiuf_cottage
D:8:      layout_rooms, lair_entry_dummy, wad_dig_loot, uniq_maurice,
          uniq_harold, uniq_erica
D:9:      layout_loops_cross, kiku_gazebo_garden_becter, serial_bayou,
          serial_bayou_pond_c, serial_bayou_shore_b, serial_bayou_pond_b,
          serial_bayou_crossing, serial_bayou_ford_a, serial_bayou_pond_d
D:10:     layout_irregular_city, serial_shops, nicolae_shop_crystal,
          nicolae_shop_behind_doors, nicolae_shop_waterfront, uniq_grum
D:11:     layout_grid_maze, hangedman_fish_farm
D:12:     minmay_razor_zed, layout_irregular_city, uniq_rupert
Temple:   regret_index_temple_sphere_string
Lair:1:   wander_river, layout_loops_ring, serial_bayou_pond_c
Lair:2:   layout_gridlike, uniq_fannar
Lair:3:   layout_hall_layers, swamp_mist_pool, spider_nest_entry_web_field,
          special_room [special_room_bee]
Lair:4:   layout_hall_layers, portal_ice_cave_entry_ice_beasts,
          minmay_lair_oklob_items, grunt_megastairs_3, lemuel_fruit_fields
Lair:5:   layout_cave_pods
Lair:6:   minmay_lair_end_enchanted_forest, layout_gridlike, slime_dummy,
          minivault_29

Skill      XL: |  1  2  3  4  5  6  7  8  9 10 11 12 13 14 |
---------------+-------------------------------------------+-----
Stealth        | 2 3 4 5 |  5.2
Dodging        | 2 3 4 5 6 8 9 10 | 10.3
Spellcasting   | 3 4 6 7 9 10 11 12 | 12.2
Fighting       | 1 2 3 4 5 6 7 |  7.8
Conjurations   | 5 6 7 8 9 10 11 | 11.7
Shields        | 3 4 5 6 |  6.1
Fire Magic     | 4 6 8 10 11 | 11.7
Poison Magic   | 1 2 |  2.0
Evocations     | |  0.7

Action                   |  1- 3 |  4- 6 |  7- 9 | 10-12 | 13-15 || total
-------------------------+-------+-------+-------+-------+-------++-------
Melee: Dagger            |   133 |   147 |   140 |       |       ||   420
       Unarmed           |     9 |       |       |       |       ||     9
       Tailslap          |     8 |    16 |    26 |    42 |    34 ||   126
       Rapier            |       |       |    91 |       |       ||    91
       Scimitar          |       |       |       |   409 |   198 ||   607
 Cast: Magic Dart        |    23 |    88 |   176 |    61 |    15 ||   363
       Iskenderun's Myst |       |     1 |    48 |   214 |   318 ||   581
       Fireball          |       |       |       |    31 |    14 ||    45
 Abil: Breathe Fire      |       |       |    23 |    38 |    42 ||   103
Evoke: Wand              |       |       |       |       |     7 ||     7
  Use: Scroll            |     2 |     3 |     9 |     4 |    14 ||    32
       Potion            |       |     2 |       |     1 |     3 ||     6
 Stab: Sleeping          |     9 |     1 |     5 |    13 |       ||    28
       Distracted        |       |       |     1 |     1 |       ||     2
  Eat: Chunk             |     4 |     6 |    14 |    45 |    15 ||    84
       Ration            |       |     1 |     3 |     4 |     7 ||    15
Armor: Skin              |    36 |    66 |    86 |   171 |    96 ||   455
Dodge: Dodged            |    72 |   128 |   217 |   462 |   316 ||  1195
Block: Buckler           |       |       |    43 |   183 |    52 ||   278
       Shield            |       |       |       |       |   182 ||   182
       Rpst.: Scimitar   |       |       |       |   157 |    92 ||   249
